 Dungeon Crawl Stone Soup version 0.25.1-2-g60ff931df9 (webtiles) character file.

Game seed: 4876152640043785049

40236 lorenzova the Eclecticist (level 13, -1/63 HPs)
             Began as a Deep Elf Conjurer on Aug 28, 2020.
             Was a High Priest of Vehumet.
             Slain by a death yak (12 damage)
             ... while petrified by you
             ... on level 6 of the Lair of Beasts.
             The game lasted 01:19:14 (26477 turns).

lorenzova the Eclecticist (Deep Elf Conjurer)      Turns: 26477, Time: 01:19:15

Health: -1/63      AC:  7    Str: 11    XL:     13   Next: 73%
Magic:  31/45      EV:  2    Int: 31    God:    Vehumet [*****.]
Gold:   1406       SH:  0    Dex: 15    Spells: 10/46 levels left

rFire    + . .     SeeInvis +   Q - +7 spear "Syckauni" {freeze, Int+5}
rCold    + . .     Gourm    .   (no shield)
rNeg     + + +     Faith    .   p - +0 ring mail {rF+}
rPois    ∞         Spirit   .   (no helmet)
rElec    .         Reflect  +   w - +1 cloak {rC+}
rCorr    .         Harm     .   (no gloves)
MR       +....                  (no boots)
Stlth    +.........             M - amulet of reflection
HPRegen  0.20/turn              n - ring of magical power
MPRegen  0.29/turn              x - ring "Xoze Vuehew" {Str+6 SInv}

@: swift, petrified, quick
A: no striking features
a: Renounce Religion


You were on level 6 of the Lair of Beasts.
You worshipped Vehumet.
Vehumet was extremely pleased with you.
You were not hungry.

You visited 3 branches of the dungeon, and saw 19 of its levels.
You also visited: Ice Cave.

You collected 1406 gold pieces.

Inventory:

Hand Weapons
 Q - the +7 spear "Syckauni" (weapon) {freeze, Int+5}
   (You found it on level 10 of the Dungeon)

   It has been specially enchanted to freeze those struck by it, causing extra
   injury to most foes and up to half again as much damage against particularly
   susceptible opponents.
   It can also slow down cold-blooded creatures.
   It affects your intelligence (+5).
Armour
 a - a +0 robe
 p - a +0 ring mail of fire resistance (worn)
 r - a +0 robe of cold resistance
 w - a +1 cloak of cold resistance (worn)
Magical Staves
 t - an uncursed staff of cold
 A - an uncursed staff of poison
Jewellery
 n - a ring of magical power (left hand)
 x - the ring "Xoze Vuehew" (right hand) {Str+6 SInv}
   (You took it off an orc on level 7 of the Dungeon)

   [ring of strength]

   It affects your strength (+6).
   It lets you see invisible.
 F - an uncursed ring of flight
 M - an amulet of reflection (around neck)
 R - an uncursed amulet of guardian spirit
Wands
 f - a wand of iceblast (29)
 v - a wand of digging (13)
 y - a wand of paralysis (9)
 H - a wand of polymorph (13)
Scrolls
 b - a scroll of identify
 e - 10 scrolls of remove curse
 g - 5 scrolls of amnesia
 i - 2 scrolls of fear
 l - 4 scrolls of magic mapping
 o - 9 scrolls of teleportation
 s - a scroll of holy word
 u - 5 scrolls of enchant armour
 z - 5 scrolls of enchant weapon
 E - a scroll of acquirement
 G - a scroll of torment {unknown}
 I - 2 scrolls of fog {unknown}
 K - 3 scrolls of blinking {unknown}
 N - 2 scrolls of random uselessness {unknown}
Potions
 d - 5 potions of might
 h - 6 potions of curing
 j - 4 potions of heal wounds
 k - 3 potions of haste
 m - 2 potions of stabbing
 q - 2 potions of ambrosia
 B - 2 potions of resistance
 C - 2 potions of invisibility
 D - 3 potions of flight
 J - a potion of berserk rage
 O - 2 potions of lignification
 P - a potion of brilliance
Comestibles
 c - 35 rations


   Skills:
 - Level 2.4 Dodging
 - Level 2.4 Stealth
 * Level 17.1 Spellcasting
 * Level 15.1 Conjurations
 - Level 10.0 Hexes
 + Level 8.9 Charms
 - Level 6.0 Translocations
 + Level 5.7 Fire Magic
 + Level 6.3 Air Magic


You had 10 spell levels left.
You knew the following spells:

 Your Spells              Type           Power        Failure   Level  Hunger
a - Magic Dart            Conj           ####         0%          1    None
b - Searing Ray           Conj           ######       0%          2    None
c - Iskenderun's Mystic   Conj/Tloc      #######.     1%          4    None
d - Fulminant Prism       Conj/Hex       #######...   1%          4    None
e - Starburst             Conj/Fire      ######....   2%          6    #......
f - Fireball              Conj/Fire      ######....   1%          5    None
l - Lightning Bolt        Conj/Air       #######...   1%          5    None
r - Swiftness             Chrm/Air       ######..     1%          2    None
s - Sticky Flame          Conj/Fire      ######..     1%          4    None
v - Conjure Flame         Conj/Fire      ######..     1%          3    None

Your spell library contained the following spells:

 Spells                   Type           Power        Failure   Level  Hunger
 Corona                   Hex            ######.      1%          1    None
 Freeze                   Ice            ####         1%          1    None
 Infusion                 Chrm           ####         1%          1    None
 Sandblast                Erth           ####..       1%          1    None
 Shock                    Conj/Air       ####         1%          1    None
 Poisonous Vapours        Pois/Air       #####.       1%          2    None
 Shroud of Golubria       Chrm/Tloc      ######       1%          2    None
 Slow                     Hex            ######..     1%          2    None
 Song of Slaying          Chrm           ######..     1%          2    None
 Dazzling Flash           Conj/Hex       ######       1%          3    None
 Inner Flame              Hex/Fire       ######..     1%          3    None
 Mephitic Cloud           Conj/Pois/Air  ######..     1%          3    None
 Ozocubu's Armour         Chrm/Ice       ######..     1%          3    None
 Portal Projectile        Hex/Tloc       ######       1%          3    None
 Spectral Weapon          Hex/Chrm       ######..     1%          3    None
 Static Discharge         Conj/Air       #######.     1%          3    None
 Stone Arrow              Conj/Erth      ######       1%          3    None
 Airstrike                Air            ######....   1%          4    None
 Cause Fear               Hex            ######....   1%          4    None
 Hailstorm                Conj/Ice       ######..     1%          4    None
 Beastly Appendage        Tmut           ####..       3%          1    None
 Frozen Ramparts          Ice            ####..       3%          3    None
 Leda's Liquefaction      Hex/Erth       ######....   4%          4    None
 Passwall                 Tmut/Erth      ####....     6%          2    None
 Sticks to Snakes         Tmut           ####....     6%          2    None
 Freezing Cloud           Conj/Ice/Air   ######....   9%          6    #......
 Spider Form              Tmut/Pois      ####......   12%         3    None
 Metabolic Englaciation   Hex/Ice        ######....   14%         5    None
 Lee's Rapid Deconstruct  Erth           ####......   26%         5    None
 Ice Form                 Ice/Tmut       ####....     36%         4    None
 Petrify                  Tmut/Erth      ####....     36%         4    None
 Summon Ice Beast         Ice/Summ       ####....     36%         4    None
 Blade Hands              Tmut           ####......   71%         5    None
 Ozocubu's Refrigeration  Ice            ####......   78%         6    #......
 Ring of Flames           Chrm/Fire      ######....   85%         7    ####...
 Simulacrum               Ice/Necr       ####......   99%         6    #......


Dungeon Overview and Level Annotations

Branches:
Dungeon (12/15)            Temple (1/1) D:5            Lair (6/6) D:10
 Shoals (0/4) Lair:4        Snake (0/4) Lair:4        Slime (0/5) Lair:5
    Orc (0/2) D:10          IceCv (visited)

Altars:
Ashenzari
Cheibriados
Dithmenos
Elyvilon
Fedhas
Gozag
Hepliaklqana
Kikubaaqudgha
Makhleb
Nemelex Xobeh
Okawaru
Qazlal
Ru
Sif Muna
Trog
Uskayaw
Vehumet
Wu Jian
Xom
Yredelemnul
Zin
The Shining One

Shops:
D:3 *   D:8 :   D:10 [

Annotations:
D:11 2 transporters, Ereiziar's ghost, journeyman DsFi


Message History

The death yak is engulfed in calcifying dust.
The death yak stops moving altogether!
The catoblepas breathes a plume of calcifying dust at you.
The blast of calcifying dust hits you.
You are engulfed in calcifying dust.
The death yak is engulfed in calcifying dust.
The death yak is moving more slowly.
You are engulfed in calcifying dust.
A death yak comes into view.
The catoblepas gores you!!
You are engulfed in calcifying dust.
The catoblepas gores you but does no damage.
The death yak bellows!
You hear a bellow!
The death yak stops moving altogether!
The catoblepas gores you! The catoblepas gores you!! x2
* * * LOW HITPOINT WARNING * * *
The death yak is no longer petrified.
The catoblepas gores you!
* * * LOW HITPOINT WARNING * * *
The death yak gores you!!
You die...

.P..........##
.............##
.....P.####...###
.P...### ###...##
#...## ##...##
##..# #...P##
#.## ##...P# #.##
#..÷.# ##..#
##@Y.# #.P.#
#YY.# #...# ##Y.#
...P## #Y.##
P....# #...#
.P...# #P.P#
.....# #...#
#..÷.# #...#
##...P #..##


You could see 4 death yaks and a catoblepas.

Vanquished Creatures
  4 hydras
  A two-headed ogre (D:11)
  A death yak (Lair:5)
  2 unseen horrors
  A necromancer (IceCv)
  Pikel (D:5)
  2 cyclopes (D:11)
  A manticore (D:10)
  An ugly thing (D:11)
  3 oklob plants
  An ice statue (IceCv)
  9 elephants
  3 centaur zombies
  2 gargoyles
  A black mamba (Lair:6)
  10 spiny frogs
  10 freezing wraiths (IceCv)
  7 komodo dragons
  4 merfolk (Lair:4)
  6 polar bears
  3 trolls
  A hornet (D:10)
  6 hippogriffs
  3 blink frogs (Lair:1)
  2 slime creatures (D:12)
  A vampire (D:12)
  A shadow (D:10)
  A wraith (D:10)
  11 yaks
  2 basilisks
  A wyvern (D:9)
  Eustachio (D:5)
  Menkaure (D:5)
  A hungry ghost (D:10)
  An acid dragon (D:12)
  3 nagas (Lair:4)
  11 water moccasins
  4 porcupines
  6 orc warriors
  5 sky beasts
  4 black bears
  An eye of draining (D:10)
  11 ice beasts
  4 phantoms
  19 wolves
  A hornet zombie (D:11)
  A necrophage (D:9)
  2 ogres
  5 centaurs
  9 crocodiles
  Blork the orc (D:5)
  2 big kobolds
  12 bullfrogs
  3 scorpions
  A water moccasin zombie (D:10)
  A water moccasin skeleton (D:11)
  5 wights (D:6)
  4 killer bees (D:10)
  2 howler monkeys
  2 bullfrog zombies
  A crimson imp (D:6)
  4 draconian simulacra (IceCv)
  12 hounds
  A quasit (D:9)
  3 orc priests
  Crazy Yiuf (D:6)
  9 jellies
  7 orc wizards
  2 centaur skeletons
  2 iguanas
  A bullfrog skeleton (D:9)
  A gnoll shaman (D:5)
  A polar bear simulacrum (IceCv)
  9 worker ants
  8 troll simulacra (IceCv)
  4 spriggan simulacra (IceCv)
  3 wolf simulacra (IceCv)
  2 centaur simulacra (IceCv)
  A worker ant zombie (D:9)
  5 gnolls (D:5)
  14 adders
  2 ogre simulacra (IceCv)
  4 shadow imps
  24 white imps
  2 oozes
  An adder zombie (D:6)
  2 worms
  2 adder skeletons
  A dart slug (D:1)
  3 leopard geckos
  29 orcs
  A ball python (D:3)
  7 giant cockroaches
  2 hobgoblins
  11 jackals
  4 quokkas
  8 bats
  3 frilled lizards
  8 goblins
  15 kobolds
  A quokka skeleton (D:8)
  7 rats
  7 bushes
  4 fungi
  19 plants
483 creatures vanquished.

Vanquished Creatures (others)
  90 fulminant prisms
  8 fungi
  4 plants
  15 toadstools (Lair:3)
117 creatures vanquished.

Grand Total: 600 creatures vanquished

Notes
Turn   | Place    | Note
-------+----------+-------------------------------------------
     0 | D:1      | lorenzova the Deep Elf Conjurer began the quest for the
                  | Orb.
     0 | D:1      | Reached XP level 1. HP: 10/10 MP: 6/6
   396 | D:1      | Reached XP level 2. HP: 15/15 MP: 2/8
   453 | D:1      | Learned a level 2 spell: Searing Ray
  1193 | D:2      | Reached skill level 4 in Spellcasting
  1252 | D:2      | Reached skill level 5 in Conjurations
  1252 | D:2      | Reached XP level 3. HP: 19/19 MP: 8/10
  1556 | D:2      | Found a shadowy altar of Dithmenos.
  1932 | D:3      | Found Zin's Purification Station.
  1978 | D:3      | Noticed a bullfrog
  1981 | D:3      | Killed a bullfrog
  1981 | D:3      | Reached skill level 5 in Spellcasting
  1981 | D:3      | Reached XP level 4. HP: 24/24 MP: 9/13
  2030 | D:3      | Found a glowing silver altar of Zin.
  2094 | D:3      | Reached XP level 5. HP: 17/28 MP: 6/15
  2667 | D:3      | Reached skill level 6 in Spellcasting
  3062 | D:3      | Found an opulent altar of Gozag.
  3196 | D:4      | Reached XP level 6. HP: 24/32 MP: 16/17
  3273 | D:4      | Learned a level 4 spell: Iskenderun's Mystic Blast
  3278 | D:4      | Learned a level 4 spell: Fulminant Prism
  3432 | D:4      | Reached skill level 1 in Hexes
  3659 | D:4      | Found a shattered altar of Ashenzari.
  3822 | D:4      | Noticed a sky beast
  3834 | D:4      | Killed a sky beast
  3834 | D:4      | Reached skill level 7 in Spellcasting
  3834 | D:4      | Reached skill level 1 in Translocations
  3939 | D:4      | Reached XP level 7. HP: 36/36 MP: 19/19
  4139 | D:5      | Entered Level 5 of the Dungeon
  4202 | D:5      | Found a staircase to the Ecumenical Temple.
  4211 | Temple   | Entered the Ecumenical Temple
  4536 | D:5      | Noticed Eustachio
  4778 | D:5      | Killed Eustachio
  4778 | D:5      | Reached skill level 8 in Spellcasting
  5043 | D:5      | Reached XP level 8. HP: 41/41 MP: 22/22
  5200 | D:5      | Noticed Blork the orc
  5207 | D:5      | Killed Blork the orc
  5272 | D:5      | Noticed Menkaure
  5277 | D:5      | Killed Menkaure
  5330 | D:5      | Noticed Pikel
  5343 | D:5      | Killed Pikel
  5343 | D:5      | Reached skill level 9 in Spellcasting
  5949 | D:6      | Noticed a komodo dragon
  5981 | D:6      | Killed a komodo dragon
  5981 | D:6      | Reached skill level 5 in Hexes
  6224 | D:6      | Identified the Grimoire of Hexes and Venom
  6458 | D:6      | Reached XP level 9. HP: 38/45 MP: 24/24
  6556 | D:6      | Reached skill level 10 in Spellcasting
  7082 | D:6      | Found a runed translucent door.
  7083 | D:6      | Noticed Crazy Yiuf
  7089 | D:6      | Killed Crazy Yiuf
  7801 | D:7      | Found a hazy altar of Hepliaklqana.
  7822 | D:7      | Identified the ring "Xoze Vuehew" {Str+6 SInv}
  8615 | D:8      | Reached skill level 10 in Conjurations
  8716 | D:8      | Reached skill level 5 in Translocations
  8748 | D:8      | Found Omitwa's Book Shop.
  8830 | D:8      | Reached skill level 11 in Spellcasting
  9427 | D:9      | Reached XP level 10. HP: 50/50 MP: 24/27
  9735 | D:9      | Found an iron altar of Okawaru.
  9738 | D:9      | Found a radiant altar of Vehumet.
  9738 | D:9      | Found an ancient bone altar of Kikubaaqudgha.
  9741 | D:9      | Found a shimmering blue altar of Sif Muna.
  9746 | D:9      | Became a worshipper of Vehumet
  9927 | D:9      | Reached skill level 12 in Spellcasting
 10607 | D:10     | Entered Level 10 of the Dungeon
 11061 | D:10     | Noticed a manticore
 11061 | D:10     | Noticed a gargoyle
 11677 | D:10     | Killed a gargoyle
 11778 | D:10     | Reached * piety under Vehumet
 11778 | D:10     | Offered knowledge of Shock by Vehumet.
 11779 | D:10     | Reached skill level 13 in Spellcasting
 11863 | D:10     | Found a staircase to the Orcish Mines.
 11864 | D:10     | Found Lat Juikuxe's Armour Emporium.
 11892 | D:10     | Found a staircase to the Lair.
 12438 | D:10     | Killed a manticore
 12438 | D:10     | Reached XP level 11. HP: 33/54 MP: 28/30
 12742 | D:10     | Noticed an unseen horror
 13114 | D:10     | Killed an unseen horror
 13399 | D:10     | Got an ancient spear
 13400 | D:10     | Identified the +7 spear "Syckauni" {freeze, Int+5} (You
                  | found it on level 10 of the Dungeon)
 13461 | D:10     | Learned a level 2 spell: Swiftness
 13467 | D:10     | Learned a level 5 spell: Lightning Bolt
 13845 | Lair:1   | Entered Level 1 of the Lair of Beasts
 13860 | Lair:1   | Reached skill level 1 in Charms
 13873 | Lair:1   | Reached skill level 14 in Spellcasting
 13986 | Lair:1   | Noticed an oklob plant
 13986 | Lair:1   | Noticed an oklob plant
 13997 | Lair:1   | Killed an oklob plant
 13997 | Lair:1   | Offered knowledge of Foxfire by Vehumet.
 13997 | Lair:1   | Reached skill level 1 in Air Magic
 13997 | Lair:1   | Killed an oklob plant
 14070 | Lair:1   | Noticed a four-headed hydra
 14077 | Lair:1   | Killed a four-headed hydra
 14147 | Lair:1   | Reached ** piety under Vehumet
 15320 | D:11     | Noticed a two-headed ogre
 15324 | D:11     | Noticed Ereiziar's ghost (journeyman DsFi)
 15329 | D:11     | Identified the +6 lajatang of Crystal {vamp, Stlth+}
 15329 | D:11     | Noticed an orc knight
 15329 | D:11     | Noticed a two-headed ogre
 15331 | D:11     | Found a bloodstained altar of Trog.
 15524 | D:11     | Offered knowledge of Mephitic Cloud by Vehumet.
 15579 | D:11     | Found a frozen archway.
 15627 | IceCv    | Entered an ice cave
 15904 | IceCv    | Reached *** piety under Vehumet
 16259 | IceCv    | Reached XP level 12. HP: 59/59 MP: 24/32
 16367 | IceCv    | Learned a level 3 spell: Conjure Flame
 16442 | IceCv    | Reached skill level 10 in Hexes
 16550 | IceCv    | Offered knowledge of Sticky Flame by Vehumet.
 16556 | IceCv    | Learned a level 4 spell: Sticky Flame
 16774 | IceCv    | Reached skill level 15 in Spellcasting
 16774 | IceCv    | Reached skill level 1 in Fire Magic
 17188 | IceCv    | Found an ancient bone altar of Kikubaaqudgha.
 17400 | IceCv    | Reached skill level 5 in Charms
 17446 | IceCv    | Reached **** piety under Vehumet
 18142 | D:11     | Noticed a two-headed ogre
 18150 | D:11     | Killed a two-headed ogre
 18346 | D:11     | Offered knowledge of Fireball by Vehumet.
 18353 | D:11     | Learned a level 5 spell: Fireball
 18722 | D:11     | Found a transporter.
 18724 | D:11     | Found a transporter.
 19873 | Lair:2   | Found a glowing silver altar of Zin.
 20011 | Lair:2   | Noticed a six-headed hydra
 20044 | Lair:2   | Killed a six-headed hydra
 20716 | Lair:3   | Reached skill level 16 in Spellcasting
 20910 | Lair:3   | Noticed a four-headed hydra
 20925 | Lair:3   | Reached ***** piety under Vehumet
 20929 | Lair:3   | Killed a four-headed hydra
 20929 | Lair:3   | Offered knowledge of Starburst by Vehumet.
 20929 | Lair:3   | Reached skill level 5 in Air Magic
 20932 | Lair:3   | Reached XP level 13. HP: 63/63 MP: 28/35
 20994 | Lair:3   | Learned a level 6 spell: Starburst
 21574 | Lair:3   | Found a blossoming altar of Fedhas.
 22868 | Lair:4   | Found a staircase to the Snake Pit.
 23492 | Lair:4   | Found a staircase to the Shoals.
 24205 | Lair:5   | Reached skill level 5 in Fire Magic
 24803 | Lair:5   | Found a staircase to the Slime Pits.
 25312 | Lair:5   | Identified a scroll of acquirement
 25331 | Lair:6   | Entered Level 6 of the Lair of Beasts
 25692 | Lair:6   | Reached skill level 15 in Conjurations
 25739 | Lair:6   | Reached skill level 17 in Spellcasting
 26477 | Lair:6   | Slain by a death yak

Illustrated notes

Levels and vault maps discovered:
D:1:      kennysheep_arrival_seaside, layout_basic, grunt_decor_mini_mirrors
D:2:      layout_basic, nicolae_dithmenos_shadow_blocks,
          chequers_serial_rivers_micro_c, minmay_misc_feat_diagonals
D:3:      layout_basic, zin_purify, first_ration,
          nicolae_gozag_cash_rules_everything_around_me
D:4:      layout_gridville, kennysheep_mini
D:5:      layout_loops_corners, minmay_temple_entry_sparse_star, uniq_eustachio,
          uniq_blork_the_orc, uniq_pikel, uniq_menkaure
D:6:      layout_loops_ring, uniq_crazy_yiuf_cottage
D:7:      layout_basic, old_standard_altar, minmay_misc_feat_ornament
D:8:      layout_rooms, serial_shops, shop_fountains
D:9:      layout_loops_ring, grunt_temple_overflow_open
D:10:     minmay_the_grid_octo_tiled_squarecenter [minmay_the_grid_octo_focus,
          minmay_the_grid_octo_tetromino_candy,
          minmay_the_grid_octo_fat_diamond, minmay_the_grid_octo_toaster,
          minmay_the_grid_square_5x5_megaprize_open,
          minmay_the_grid_square_5x5_dogpile,
          minmay_the_grid_square_5x5_inner_i,
          minmay_the_grid_square_5x5_minibox,
          minmay_the_grid_square_5x5_six_small], layout_long_grid,
          lair_entry_dummy, orc_0_dummy, serial_shops, shop, minivault_26
D:11:     layout_loops_ring, serial_rivers, chequers_serial_rivers_room_b,
          chequers_serial_rivers_micro_c, chequers_serial_rivers_micro_d,
          chequers_serial_rivers_small_b, chequers_serial_rivers_small_b,
          chequers_serial_rivers_small_b, gammafunk_ghost_wrathful_warriors,
          portal_ice_cave_entry_imps
D:12:     layout_gridville
Temple:   nicolae_temple_great_sept
Lair:1:   layout_gridlike, minmay_lair_oklob_chamber
Lair:2:   layout_small_grid, basic_altar
Lair:3:   layout_regular_city, tgw_fedhas
Lair:4:   layout_long_grid, elwin_shoals_entry_stream,
          guppyfry_snake_entry_island, st_stairs_13
Lair:5:   layout_regular_city, nicolae_slime_entry_slimehenge,
          beast_lair_carwin_6
Lair:6:   grunt_lair_end_beastmaster, layout_regular_city, basic_altar,
          chequers_serial_rivers_micro_e, serial_bayou_shore_b

Skill      XL: |  1  2  3  4  5  6  7  8  9 10 11 12 13 |
---------------+----------------------------------------+-----
Spellcasting   | 4 5 6 7 8 9 11 13 14 16 17 | 17.1
Conjurations   | 5 6 7 9 10 12 13 14 15 | 15.1
Hexes          | 1 3 5 6 8 9 10 | 10.0
Translocations | 1 2 4 5 6 |  6.0
Charms         | 4 7 8 |  8.9
Air Magic      | 3 5 6 |  6.3
Fire Magic     | 4 5 |  5.7
Dodging        | |  2.4
Stealth        | |  2.4

Action                   |  1- 3 |  4- 6 |  7- 9 | 10-12 | 13-15 || total
-------------------------+-------+-------+-------+-------+-------++-------
Melee: Staff             |       |       |       |     1 |       ||     1
       Spear             |       |       |       |    22 |     9 ||    31
 Cast: Magic Dart        |    70 |   109 |   151 |   294 |    40 ||   664
       Searing Ray       |     1 |    13 |    48 |   112 |    31 ||   205
       Fulminant Prism   |       |       |     5 |    66 |    19 ||    90
       Lightning Bolt    |       |       |       |    25 |    57 ||    82
       Iskenderun's Myst |       |       |       |     1 |    16 ||    17
       Conjure Flame     |       |       |       |    22 |       ||    22
       Sticky Flame      |       |       |       |    10 |    17 ||    27
       Fireball          |       |       |       |     5 |     8 ||    13
       Swiftness         |       |       |       |     2 |     4 ||     6
       Starburst         |       |       |       |       |     3 ||     3
  Use: Scroll            |     3 |     5 |     5 |     8 |     7 ||    28
       Potion            |       |       |     1 |     5 |       ||     6
  Eat: Chunk             |     3 |     6 |    13 |    19 |    17 ||    58
       Ration            |       |       |     1 |     5 |       ||     6
Armor: Robe              |     2 |     6 |     3 |    10 |       ||    21
       Ring mail         |       |       |       |    14 |     7 ||    21
Dodge: Dodged            |     3 |     7 |    30 |    92 |    23 ||   155
Block: Other             |       |       |       |    15 |     6 ||    21
       Reflection        |       |       |       |     1 |       ||     1
       Rpst.: Falchion   |       |       |     1 |       |       ||     1
